[Event "RUS-ch Blitz 2021"]
[Site "Sochi"]
[Date "2021.10.11"]
[Round "8.20"]
[White "Radzhabov, Rodion"]
[Black "Kezin, Roman"]
[Result "0-1"]
[ECO "B23"]
[WhiteElo "2361"]
[BlackElo "2492"]
[Annotator "ChessBase"]
[PlyCount "54"]
[EventDate "2021.10.11"]
[EventType "blitz"]
[EventCountry "RUS"]
[SourceTitle "playchess.com"]
[Source "ChessBase"]
[SourceQuality "1"]
[TimeControl "180+2"]

1. e4 c5 2. Nc3 Nc6 3. Bb5 Nd4 4. Bc4 e6 5. Nge2 Nf6 6. d3 d5 7. exd5 exd5 8. Bb3 Nxb3 9. axb3 d4 10. Ne4 Nd5 11. O-O Be7 12. N2g3 O-O 13. Re1 f5 14. Nd2 f4 15. Nge4 f3 16. Nxf3 Bg4 17. Ng3 Bd6 18. Re4 Nf6 19. Re1 Nd5 20. Re4 h5 21. h3 Bxf3 22. gxf3 h4 23.
Nf1 Bf4 24. Nh2 Qg5+ 25. Ng4 Bxc1 26. Qxc1 Nf4 27. Kh2 Qf5 0-1

[Event "RUS-ch Blitz 2021"]
[Site "Sochi"]
[Date "2021.10.11"]
[Round "8.21"]
[White "Zubritskiy, Artyom"]
[Black "Dudin, Gleb"]
[Result "0-1"]
[ECO "A13"]
[WhiteElo "2442"]
[BlackElo "2438"]
[Annotator "NA"]
[PlyCount "96"]
[EventDate "2021.10.11"]
[EventType "blitz"]
[EventCountry "RUS"]
[SourceTitle "playchess.com"]
[Source "ChessBase"]
[SourceQuality "1"]
[TimeControl "180+2"]

1. c4 e6 2. g3 d5 3. Nf3 Nf6 4. Bg2 dxc4 5. Ne5 Qd4 6. f4 Nbd7 7. Qa4 Be7 8. Nc3 c6 9. Qxc4 Qb6 10. d4 O-O 11. O-O c5 12. Na4 Qa5 13.
dxc5 Nxc5 14. Nc3 Ncd7 15. Nd3 Nb6 16. Qb3 Bd7 17. Be3 Bc6 18.
Bxc6 bxc6 19. Ne5 Rfc8 20. Bf2 Rab8 21. Qc2 Nfd7 22. Nf3 Nd5 23. Ne4 N7f6 24. Ned2 Nb4 25. Qb1 c5 26. Nc4 Qa6 27. b3 Nc6 28. Qc2 Nb4 29. Qc1 Ne4 30. Be1 Nd5 31. Qc2 f5 32. Nfe5 Bf6 33. Rd1 Bxe5 34. fxe5 Rd8 35. g4 g6 36. Bh4 Rd7 37. Rf3 Qc6 38. Kh1 Nb4 39. Qb1 Nc3 40. Rxd7 Nxb1 41. Rxa7 Qe4 42. gxf5 Qxh4 43. fxe6 Qe1+ 44. Kg2 Qxe2+ 45. Kg3 Nd2 46. Nxd2 Qxd2 47. e7 Qg5+ 48. Kh3 Qxe5 0-1

[Event "RUS-ch Blitz 2021"]
[Site "Sochi"]
[Date "2021.10.11"]
[Round "8.22"]
[White "Zakhartsov, Vladimir"]
[Black "Grebnev, Aleksey"]
[Result "1-0"]
[ECO "E62"]
[WhiteElo "2514"]
[BlackElo "2469"]
[Annotator "ChessBase"]
[PlyCount "122"]
[EventDate "2021.10.11"]
[EventType "blitz"]
[EventCountry "RUS"]
[SourceTitle "playchess.com"]
[Source "ChessBase"]
[SourceQuality "1"]
[TimeControl "180+2"]

1. d4 Nf6 2. c4 g6 3. Nc3 Bg7 4. Nf3 O-O 5. g3 d6 6. Bg2 Nc6 7. O-O Bf5 8. b3 Ne4 9. Bb2 Nxc3 10. Bxc3 Be4 11. Qd2 e5 12. d5 Ne7 13. Rfd1 h6 14. Bh3 Bf5 15. Bg2 Bd7 16. c5 f5 17. cxd6 cxd6 18.
Rac1 f4 19. Bb4 Nc8 20. Qc2 Bb5 21. a4 Ba6 22. Nh4 g5 23.
Nf5 Qf6 24. Be4 Ne7 25. Nxe7+ Qxe7 26. Qc7 Qxc7 27. Rxc7 Rad8 28. Rd2 Rf7 29. Rdc2 Rdd7 30. Rxd7 Rxd7 31. Bf5 Rd8 32. Rc7 Bf8 33. e4 f3 34. Bg4 Be2 35. Rxb7 a6 36. Ba5 Ra8 37. Bc7 a5 38.
Rb8 Rxb8 39. Bxb8 Bd1 40. Bc7 Bxb3 41. Bd7 Bc2 42. Bxa5 Bxe4 43. Bc6 Bd3 44. Bc7 Be7 45. Bb5 Be4 46. Bc4 Bf5 47. a5 Bc8 48. a6 Kf8 49. Bb5 Bxa6 50. Bxa6 e4 51. Bc4 Kf7 52. Bb6 Kf6 53. Bd4+ Kf5 54. Ba6 h5 55. Bc8+ Kg6 56. h3 Bd8 57. g4 hxg4 58. hxg4 Bf6 59. Bf5+ Kg7 60. Bxf6+ Kxf6 61. Bxe4 Ke5 1-0

[Event "RUS-ch Blitz 2021"]
[Site "Sochi"]
[Date "2021.10.11"]
[Round "8.23"]
[White "Smagin, Sergey"]
[Black "Nozdrachev, Vladislav"]
[Result "1-0"]
[ECO "C26"]
[WhiteElo "2551"]
[BlackElo "2495"]
[Annotator "ChessBase"]
[PlyCount "141"]
[EventDate "2021.10.11"]
[EventType "blitz"]
[EventCountry "RUS"]
[SourceTitle "playchess.com"]
[Source "ChessBase"]
[SourceQuality "1"]
[TimeControl "180+2"]

1. e4 e5 2. Nc3 Nf6 3. g3 Bc5 4. Bg2 h5 5. h3 Nc6 6. Nge2 d6 7. Na4 h4 8. g4 Nd4 9. c3 Ne6 10. d4 exd4 11. cxd4 Bb4+ 12. Nac3 O-O 13. O-O c6 14. f4 c5 15. a3 Ba5 16. dxc5 dxc5 17. Qxd8 Rxd8 18. e5 Nh7 19. Be3 Nd4 20. Rad1 Bb6 21. Bf2 Be6 22. Bxh4 g5 23. fxg5 Bb3 24. Rc1 Re8 25. Bg3 Nxg5 26. Nxd4 cxd4 27. Nd5 Bxd5 28. Bxd5 d3+ 29. Kg2 Rad8 30. Bb3 d2 31. Rcd1 Be3 32. Bf4 Rd3 33. Bxg5 Rxb3 34. Bxe3 Rxe3 35. Rxd2 R3xe5 36. Rdf2 R8e7 37. Rd1 a5 38. Rd4 Kg7 39. Rdf4 Rb5 40. Rf5 Rxf5 41. Rxf5 Re2+ 42. Rf2 Re3 43. h4 Rb3 44. Kf1 f6 45. Ke1 b6 46. Kd1 Rh3 47. h5 Rg3 48.
Rf4 Rg2 49. Kc1 Kf7 50. Kb1 Ke6 51. Ka2 Ke7 52. Kb3 Ke6 53.
Kc3 Ke7 54. b3 b5 55. a4 b4+ 56. Kc4 Rg3 57. Re4+ Kd6 58. Rd4+ Kc6 59. Rf4 Rc3+ 60. Kd4 Rxb3 61. Rxf6+ Kd7 62. h6 Rh3 63. g5 b3 64. Rb6 Ke7 65. Ke5 Rh4 66. Rb7+ Kf8 67. Rxb3 Rxa4 68. Kf6 Rf4+ 69. Kg6 Ke7 70. h7 Rh4 71. Rb8 1-0

[Event "RUS-ch Blitz 2021"]
[Site "Sochi"]
[Date "2021.10.11"]
[Round "8.24"]
[White "Nesterov, Arseniy"]
[Black "Ivlev, Aleksey"]
[Result "1-0"]
[ECO "D45"]
[WhiteElo "2514"]
[BlackElo "2315"]
[Annotator "ChessBase"]
[PlyCount "43"]
[EventDate "2021.10.11"]
[EventType "blitz"]
[EventCountry "RUS"]
[SourceTitle "playchess.com"]
[Source "ChessBase"]
[SourceQuality "1"]
[TimeControl "180+2"]

1. d4 d5 2. c4 c6 3. Nf3 Nf6 4. Nc3 e6 5. e3 Nbd7 6. Qc2 Bd6 7. b3 Qe7 8. Be2 O-O 9. O-O b6 10. Bb2 Bb7 11. Rad1 Rad8 12. Rfe1 Rfe8 13. Bf1 a6 14. e4 e5 15. exd5 cxd5 16. dxe5 Nxe5 17. Nxe5 Bxe5 18. Nxd5 Bxh2+ 19. Kxh2 Ng4+ 20. Kg3 Qg5 21. Ne7+ Kh8 22. Qf5 1-0

[Event "RUS-ch Blitz 2021"]
[Site "Sochi"]
[Date "2021.10.11"]
[Round "9.2"]
[White "Iljiushenok, Ilia"]
[Black "Antipov, Mikhail Al."]
[Result "0-1"]
[ECO "C30"]
[WhiteElo "2554"]
[BlackElo "2619"]
[Annotator "ChessBase"]
[PlyCount "64"]
[EventDate "2021.10.11"]
[EventType "blitz"]
[EventCountry "RUS"]
[SourceTitle "playchess.com"]
[Source "ChessBase"]
[SourceQuality "1"]
[TimeControl "180+2"]

1. e4 e5 2. Nc3 Nc6 3. Bc4 Nf6 4. d3 Bc5 5. f4 d6 6. Nf3 a6 7. Nd5 h6 8. c3 Be6 9. b4 Ba7 10. a4 O-O 11. Qb3 exf4 12. Bxf4 Nb8 13. Bg3 Bxd5 14. Bxd5 c6 15. Bxf7+ Rxf7 16. e5 Nd5 17. exd6 Nd7 18. O-O-O a5 19. b5 Be3+ 20. Kb2 Nc5 21. Qc4 Nb6 22. Qg4 Nbxa4+ 23. Ka3 cxb5 24. Ne5 b4+ 25. Ka2 Nxc3+ 26. Ka1 a4 27. Nxf7 Qf6 28. Ne5 Bd4 29. Qxd4 Nb3+ 30. Kb2 Nxd4 31. d7 a3+ 32. Kc1 Qg5+ 0-1

[Event "RUS-ch Blitz 2021"]
[Site "Sochi"]
[Date "2021.10.11"]
[Round "9.3"]
[White "Savchenko, Boris"]
[Black "Timofeev, Artyom"]
[Result "0-1"]
[ECO "C42"]
[WhiteElo "2535"]
[BlackElo "2586"]
[Annotator "ChessBase"]
[PlyCount "69"]
[EventDate "2021.10.11"]
[EventType "blitz"]
[EventCountry "RUS"]
[SourceTitle "playchess.com"]
[Source "ChessBase"]
[SourceQuality "1"]
[TimeControl "180+2"]

1. e4 e5 2. Nf3 Nf6 3. Nxe5 d6 4. Nf3 Nxe4 5. Nc3 Nxc3 6.
dxc3 Be7 7. Bf4 Nc6 8. Qd2 Be6 9. O-O-O Qd7 10. h4 a6 11.
Ng5 Bxg5 12. hxg5 O-O-O 13. f3 Kb8 14. b3 Rde8 15. a4 Qe7 16.
Kb2 f6 17. gxf6 Qxf6 18. Bg3 h6 19. Rh4 g5 20. Re4 Bf5 21.
Ree1 h5 22. Bf2 g4 23. Be2 Qg6 24. Bh4 Ne5 25. f4 Nd7 26. Bc4 Nc5 27. a5 Rxe1 28. Rxe1 Re8 29. Rd1 Qg7 30. Bf2 Bc8 31. Bd4 Qg6 32. Qf2 g3 33. Qf3 h4 34. Rh1 Bg4 35. Qf1 0-1

[Event "RUS-ch Blitz 2021"]
[Site "Sochi"]
[Date "2021.10.11"]
[Round "9.4"]
[White "Petrov, Nikita"]
[Black "Rozum, Ivan"]
[Result "1-0"]
[ECO "E11"]
[WhiteElo "2539"]
[BlackElo "2529"]
[Annotator "ChessBase"]
[PlyCount "79"]
[EventDate "2021.10.11"]
[EventType "blitz"]
[EventCountry "RUS"]
[SourceTitle "playchess.com"]
[Source "ChessBase"]
[SourceQuality "1"]
[TimeControl "180+2"]

1. d4 Nf6 2. c4 e6 3. Nf3 Bb4+ 4. Nbd2 b6 5. a3 Bxd2+ 6. Bxd2 Bb7 7. Bg5 h6 8. Bh4 d6 9. e3 Nbd7 10. Bd3 g5 11. Bg3 Ne4 12. Qc2 Ndf6 13.
O-O-O Qe7 14. Kb1 O-O-O 15. Rc1 Kb8 16. Ka1 h5 17. h4 g4 18. Ng5 Nxg3 19. fxg3 Rdf8 20. Rhf1 Nd7 21. Ne4 e5 22. Nc3 exd4 23. exd4 Qe3 24. Be4 Qxd4 25. Bxb7 Kxb7 26. Nb5 Qe5 27. Rf5 Qxg3 28. Qa4 a6 29. Nd4 Nc5 30. Qc6+ Kb8 31. Qd5 Qd3 32. Rc3 Qd1+ 33. Ka2 Qe1 34. Nc6+ Kc8 35. Nb4 Qe6 36. Qa8+ Kd7 37. Qc6+ Kc8 38. Qa8+ Kd7 39. Qc6+ Kc8 40. Nd5 1-0

[Event "RUS-ch Blitz 2021"]
[Site "Sochi"]
[Date "2021.10.11"]
[Round "9.5"]
[White "Sarana, Alexey"]
[Black "Khanin, Semen"]
[Result "1/2-1/2"]
[ECO "D37"]
[WhiteElo "2649"]
[BlackElo "2521"]
[Annotator "ChessBase"]
[PlyCount "161"]
[EventDate "2021.10.11"]
[EventType "blitz"]
[EventCountry "RUS"]
[SourceTitle "playchess.com"]
[Source "ChessBase"]
[SourceQuality "1"]
[TimeControl "180+2"]

1. d4 Nf6 2. c4 e6 3. Nf3 d5 4. Nc3 Nbd7 5. Bf4 dxc4 6. e3 Nb6 7. Bxc4 Bd6 8. Bg3 Nxc4 9. Qa4+ Bd7 10. Qxc4 Bc6 11. Ne5 Bxe5 12. Bxe5 Nd7 13. Bf4 Nb6 14. Qc5 Nd7 15. Qh5 O-O 16. O-O Nf6 17. Qe5 Rc8 18. e4 Nd7 19. Qa5 b6 20. Qb4 a5 21. Qc4 Bb7 22. Rfd1 Qe7 23.
Rac1 e5 24. dxe5 Nxe5 25. Nd5 Bxd5 26. Qxd5 Ng6 27. Bg3 Rfe8 28. f3 h6 29. a3 Qf6 30. Qd4 Qe7 31. Qc3 h5 32. Bxc7 h4 33.
Qc6 Qg5 34. Qd5 Qf6 35. Qd4 Qg5 36. Qd2 Qf6 37. h3 Qe6 38.
Bh2 Rxc1 39. Rxc1 Qf6 40. Kh1 Kh7 41. Bg1 Rd8 42. Qe1 Nf4 43.
e5 Qg5 44. Rc2 Nd3 45. Qe4+ g6 46. Be3 Qg3 47. Qg4 Nxe5 48. Qxg3 hxg3 49. Rc1 b5 50. Kg1 Nc4 51. Bf4 Nxb2 52. Bxg3 b4 53. axb4 axb4 54. Rc7 Rd1+ 55. Kh2 b3 56. Rxf7+ Kg8 57. Rb7 Rd3 58. Be5 Nc4 59. Bf6 Rd6 60. Bc3 Rb6 61. Rg7+ Kf8 62. Rc7 b2 63. Rc8+ Kf7 64. Rc7+ Ke6 65. Bxb2 Nxb2 66. h4 Nd3 67. Kg3 Kf6 68. Rc3 Ne5 69. Rc5 Nf7 70. Ra5 Nd6 71. Kh3 Nf5 72. Ra4 Rb1 73. Kh2 Rd1 74. Ra6+ Kg7 75. Ra7+ Kh6 76. Ra4 Rd4 77. Rxd4 Nxd4 78. Kh3 Kg7 79. Kg4 Nf5 80. h5 Ne3+ 81. Kg5 1/2-1/2

[Event "RUS-ch Blitz 2021"]
[Site "Sochi"]
[Date "2021.10.11"]
[Round "9.6"]
[White "Kukhmazov, Arsen"]
[Black "Sjugirov, Sanan"]
[Result "1-0"]
[ECO "E15"]
[WhiteElo "2472"]
[BlackElo "2663"]
[Annotator "ChessBase"]
[PlyCount "253"]
[EventDate "2021.10.11"]
[EventType "blitz"]
[EventCountry "RUS"]
[SourceTitle "playchess.com"]
[Source "ChessBase"]
[SourceQuality "1"]
[TimeControl "180+2"]

1. d4 Nf6 2. c4 e6 3. Nf3 b6 4. g3 Ba6 5. Qc2 Bb4+ 6. Bd2 Bxd2+ 7. Nbxd2 c5 8.
Bg2 Bb7 9. O-O cxd4 10. Nxd4 Bxg2 11. Kxg2 O-O 12. Rfd1 Qc8 13. Rac1 a6 14. N2f3 Nc6 15. c5 Nxd4 16. Rxd4 Qc7 17. cxb6 Qxb6 18. b3 a5 19. Qc5 Qa6 20. Qc4 Qb7 21. Qc7 Qa6 22. Qc4 Qb7 23. Qc7 Qb5 24. Rdc4 a4 25. bxa4 Rxa4 26. Rxa4 Qxa4 27. Qc4 Qa5 28. a4 h6 29. Qb5 Qa7 30. a5 Rb8 31. Qc5 Qa6 32. Nd4 Ra8 33.
Ra1 Qb7+ 34. f3 Qb2 35. Ra4 Nd5 36. Qb5 Qc1 37. Qd3 Qc5 38.
Nb3 Qa7 39. e4 Ne3+ 40. Kh3 d5 41. Qd4 Nc4 42. Qxa7 Rxa7 43. exd5 exd5 44. a6 Kf8 45. Nd4 Ke8 46. Nb5 Nb6 47. Ra2 Re7 48.
a7 Na8 49. Rc2 Kd8 50. Rc5 Rd7 51. Kg4 d4 52. Rc2 Rb7 53. Nxd4 Rb4 54. Rd2 Ra4 55. f4 Kc7 56. Nf5 h5+ 57. Kh3 g6 58. Nh6 f6 59. Ng8 Ra6 60.
Re2 g5 61. fxg5 fxg5 62. Re5 Rg6 63. Ne7 Rg7 64. Nf5 Rg6 65.
Re7+ Kb6 66. Rg7 Rf6 67. Rxg5 Kxa7 68. Rxh5 Nc7 69. g4 Ne6 70. Rh7+ Kb8 71. Re7 Nf4+ 72. Kg3 Ng6 73. Rg7 Ra6 74. Ne3 Re6 75. Nd5 Ra6 76. Ne3 Re6 77. Kf2 Rf6+ 78. Kg2 Re6 79. Nd5 Ra6 80. Kf3 Rd6 81. Ke4 Ra6 82. Kf5 Nh4+ 83. Kg5 Nf3+ 84. Kf4 Nxh2 85. g5 Ra4+ 86. Kf5 Nf3 87. g6 Nh4+ 88. Kg5 Nxg6 89. Kxg6 Ra7 90. Rg8+ Kb7 91. Kf5 Ra5 92. Ke6 Ra1 93. Kd6 Ra6+ 94. Kd7 Ra1 95. Rg2 Rd1 96. Rb2+ Ka6 97. Kd6 Ka5 98. Rb8 Ka4 99. Kc5 Ka3 100. Kc4 Rh1 101. Kd4 Rh4+ 102. Kc5 Rh5 103. Rb1 Ka2 104. Rb8 Ka3 105. Rb7 Ka2 106. Kc4 Rh4+ 107. Kd3 Rh3+ 108. Ne3 Ka3 109. Kd4 Ka2 110. Nc4 Rg3 111. Rb2+ Ka1 112. Rh2 Kb1 113.
Kc5 Rg8 114. Kb4 Rg3 115. Nd2+ Kc1 116. Nb3+ Kd1 117. Nd4 Ke1 118. Kc4 Kf1 119. Nf5 Ra3 120. Kd4 Kg1 121. Rb2 Kf1 122. Ne3+ Kg1 123. Ke4 Ra8 124. Ng4 Re8+ 125. Kf3 Kf1 126.
Rb1+ Re1 127. Nh2+ 1-0

[Event "RUS-ch Blitz 2021"]
[Site "Sochi"]
[Date "2021.10.11"]
[Round "9.7"]
[White "Mikhailovsky, Vladimir"]
[Black "Sakaev, Konstantin"]
[Result "0-1"]
[ECO "B21"]
[WhiteElo "2184"]
[BlackElo "2603"]
[Annotator "ChessBase"]
[PlyCount "116"]
[EventDate "2021.10.11"]
[EventType "blitz"]
[EventCountry "RUS"]
[SourceTitle "playchess.com"]
[Source "ChessBase"]
[SourceQuality "1"]
[TimeControl "180+2"]

1. e4 c5 2. d4 cxd4 3. c3 dxc3 4. Nxc3 Nc6 5. Nf3 e6 6. Bc4 d6 7. O-O Nf6 8. Qe2 Be7 9. Rd1 e5 10. h3 O-O 11. Bg5 a6 12. Rd2 Be6 13.
Rad1 Bxc4 14. Qxc4 Rc8 15. Bxf6 Bxf6 16. Rxd6 Nd4 17. Rxd8 Rxc4 18. Rd7 b5 19. Nd2 Rc6 20. Nf1 Rd8 21. Rxd8+ Bxd8 22. Ne3 g6 23. Kf1 Kg7 24. Ned5 Ba5 25. f3 b4 26. Na4 Rc8 27. b3 Rc2 28. Ne3 Rxa2 29. Nc4 Nxb3 30. Nxe5 Rxa4 31. Rd7 Kf6 32. f4 Ke6 33. Rxf7 Ra1+ 34. Ke2 Ra2+ 35. Kd3 Nc5+ 36. Kd4 Bb6 37. f5+ gxf5 38. exf5+ Kd6 39. Nc4+ Kc6 40. Rf6+ Ne6+ 41. Kd3 Bc5 42. Rxe6+ Kb5 43. g4 Rf2 44. Nd2 a5 45. Re8 a4 46. Rb8+ Kc6 47. Rc8+ Kb6 48. Nc4+ Kb5 49. Rb8+ Ka6 50. Ne5 b3 51. Kc3 Bd6 52. Re8 Kb5 53. Nc4 Bb4+ 54. Kd3 Rf3+ 55. Ke4 Kxc4 56. Kxf3 b2 57. Rc8+ Kb3 58. f6 b1=Q 0-1

[Event "RUS-ch Blitz 2021"]
[Site "Sochi"]
[Date "2021.10.11"]
[Round "9.8"]
[White "Pershin, Denis"]
[Black "Alekseev, Evgeny"]
[Result "0-1"]
[ECO "D36"]
[WhiteElo "2388"]
[BlackElo "2602"]
[Annotator "ChessBase"]
[PlyCount "77"]
[EventDate "2021.10.11"]
[EventType "blitz"]
[EventCountry "RUS"]
[SourceTitle "playchess.com"]
[Source "ChessBase"]
[SourceQuality "1"]
[TimeControl "180+2"]

1. d4 Nf6 2. c4 e6 3. Nc3 d5 4. cxd5 exd5 5. Bg5 c6 6. Qc2 Nbd7 7. e3 Bd6 8. Bd3 Nf8 9. Bh4 Ng6 10. Bg3 O-O 11. Nf3 Re8 12. O-O Bg4 13.
Bxd6 Qxd6 14. Nd2 Nh4 15. Rab1 Bd7 16. b4 g6 17. g3 Nf5 18.
Nb3 b6 19. Rfd1 Ng7 20. b5 Rac8 21. bxc6 Rxc6 22. Qb2 Bf5 23. Bxf5 Nxf5 24. Rbc1 Rec8 25. Nb5 Qd7 26. Rxc6 Rxc6 27. Rc1 a6 28. Rxc6 Qxc6 29. Nc3 Nd6 30. Ne2 a5 31. h4 Nde4 32. Nf4 Qc4 33. Nd2 Nxd2 34. Qxd2 Ne4 35. Qb2 b5 36. Kg2 b4 37. Qb1 a4 38. Nd3 Nc3 39. Qf1 0-1

[Event "RUS-ch Blitz 2021"]
[Site "Sochi"]
[Date "2021.10.11"]
[Round "9.9"]
[White "Bologan, Victor"]
[Black "Shubin, Kirill"]
[Result "0-1"]
[ECO "A04"]
[WhiteElo "2574"]
[BlackElo "2463"]
[Annotator "ChessBase"]
[PlyCount "134"]
[EventDate "2021.10.11"]
[EventType "blitz"]
[EventCountry "RUS"]
[SourceTitle "playchess.com"]
[Source "ChessBase"]
[SourceQuality "1"]
[TimeControl "180+2"]

1. e4 e6 2. d3 c5 3. Nf3 Nc6 4. g3 g6 5. Bg2 Bg7 6. O-O Nge7 7. c3 O-O 8. d4 cxd4 9. cxd4 d5 10. e5 Nf5 11. Nc3 f6 12. g4 fxe5 13. gxf5 e4 14. Bg5 Qb6 15. Na4 Qc7 16. f6 exf3 17. fxg7 Rf5 18. Qd2 fxg2 19. Rfe1 Qxg7 20. Rad1 Nxd4 21. Qxd4 Qxd4 22. Rxd4 Rxg5 23.
Nc5 Kf7 24. f4 Rf5 25. Kxg2 b6 26. Nd3 Ba6 27. Ne5+ Ke7 28. h4 Raf8 29. Ra4 Bb5 30. Rxa7+ Kd6 31. a4 Be8 32. Rb7 Rxf4 33. Rxb6+ Kc7 34. a5 Rf2+ 35. Kg3 Rc2 36. b4 Rff2 37. Nd3 Rg2+ 38. Kf3 Rh2 39. Nc5 Rc3+ 40. Kg4 h6 41. Nxe6+ Kc8 42. Nc5 Bd7+ 43. Nxd7 Kxd7 44. Kf4 Rxh4+ 45. Ke5 Rcc4 46. b5 Rh5+ 47. Kf6 Rf4+ 48. Kg7 Rhf5 49. a6 Rf7+ 50. Kxg6 R7f5 51. a7 Rg5+ 52. Kxh6 Rg2 53. Re5 Ra2 54. Rxd5+ Ke7 55. Rb7+ Ke6 56. Rd8 Rg4 57. Re8+ Kd6 58. Rd8+ Ke6 59. Kh5 Rg1 60. Rd4 Rg8 61. Rb8 Rg7 62. Re4+ Kf5 63. Re5+ Kxe5 64. Kh6 Rgxa7 65. b6 R7a6 66. Kg7 Rb2 67. b7 Rab6 0-1

[Event "RUS-ch Blitz 2021"]
[Site "Sochi"]
[Date "2021.10.11"]
[Round "9.10"]
[White "Vastrukhin, Oleg"]
[Black "Gutenev, Alexander"]
[Result "1-0"]
[ECO "A05"]
[WhiteElo "2382"]
[BlackElo "2455"]
[Annotator "ChessBase"]
[PlyCount "123"]
[EventDate "2021.10.11"]
[EventType "blitz"]
[EventCountry "RUS"]
[SourceTitle "playchess.com"]
[Source "ChessBase"]
[SourceQuality "1"]
[TimeControl "180+2"]

1. Nf3 Nf6 2. g3 b6 3. Bg2 Bb7 4. O-O g6 5. d3 d5 6. Nbd2 Bg7 7. e4 dxe4 8. Ng5 c5 9. Ngxe4 Nxe4 10. Nxe4 Nc6 11. h4 O-O 12. h5 Qd7 13. h6 Bh8 14. Re1 f5 15. Ng5 e5 16. c3 Bf6 17. a3 Na5 18.
b4 Bxg2 19. Kxg2 Qd5+ 20. Qf3 Qxf3+ 21. Nxf3 Nb3 22. Rb1 Nxc1 23. Rbxc1 cxb4 24. cxb4 Rac8 25. Rxc8 Rxc8 26. Nxe5 Rc3 27. d4 Rxa3 28. Rc1 Bxe5 29. dxe5 Rb3 30. Rc7 Rxb4 31. Rg7+ Kf8 32. Rxa7 Re4 33. f4 g5 34. Kf3 g4+ 35. Kf2 Kg8 36. Rg7+ Kh8 37. Rf7 Kg8 38. Rxf5 Rb4 39. Rg5+ Kf8 40. Rxg4 Rb2+ 41. Kg1 Rb1+ 42. Kg2 Rb2+ 43. Kh3 Rb1 44. Rg7 Rh1+ 45. Kg4 Rxh6 46. Rb7 Rg6+ 47. Kf3 h5 48. Rh7 b5 49. Rb7 Rc6 50. Rxb5 Rc3+ 51. Kg2 Kf7 52. Rb6 Kg7 53. Kh3 Rd3 54. Kh4 Re3 55. Kxh5 Rxg3 56. Kh4 Rg1 57. f5 Kf8 58. Rb8+ Kf7 59. Rb7+ Kf8 60. e6 Kg8 61. f6 Re1 62. Rb8+ 1-0

[Event "RUS-ch Blitz 2021"]
[Site "Sochi"]
[Date "2021.10.11"]
[Round "9.11"]
[White "Kokarev, Dmitry"]
[Black "Matinian, Nikita"]
[Result "1-0"]
[ECO "A25"]
[WhiteElo "2579"]
[BlackElo "2454"]
[Annotator "ChessBase"]
[PlyCount "53"]
[EventDate "2021.10.11"]
[EventType "blitz"]
[EventCountry "RUS"]
[SourceTitle "playchess.com"]
[Source "ChessBase"]
[SourceQuality "1"]
[TimeControl "180+2"]

1. g3 e5 2. c4 Nc6 3. Bg2 f5 4. Nc3 Nf6 5. d3 Bb4 6. Bd2 O-O 7. e3 Bxc3 8.
Bxc3 d6 9. Ne2 Qe8 10. O-O b6 11. d4 Bb7 12. d5 Nd8 13. Qd2 Ne4 14. Qc2 Nxc3 15. Nxc3 a5 16. f4 Ba6 17. b3 Nb7 18. e4 fxe4 19. Bxe4 g6 20.
Rae1 Nc5 21. Bg2 Bc8 22. fxe5 Rxf1+ 23. Bxf1 Bf5 24. Qd2 dxe5 25. Nb5 Qe7 26. d6 cxd6 27. Qd5+ 1-0

[Event "RUS-ch Blitz 2021"]
[Site "Sochi"]
[Date "2021.10.11"]
[Round "9.12"]
[White "Kezin, Roman"]
[Black "Zakaryan, David"]
[Result "1-0"]
[ECO "E11"]
[WhiteElo "2492"]
[BlackElo "2283"]
[Annotator "ChessBase"]
[PlyCount "135"]
[EventDate "2021.10.11"]
[EventType "blitz"]
[EventCountry "RUS"]
[SourceTitle "playchess.com"]
[Source "ChessBase"]
[SourceQuality "1"]
[TimeControl "180+2"]

1. d4 Nf6 2. c4 e6 3. g3 d5 4. Bg2 Bb4+ 5. Bd2 Be7 6. Nf3 O-O 7. O-O Ne4 8.
Qc2 c6 9. Nc3 f5 10. Rfd1 Nd7 11. Rac1 Nd6 12. b3 Qe8 13. Bf4 Qh5 14. h4 h6 15. Ne5 g5 16. Bf3 Qe8 17. hxg5 hxg5 18. Nxd7 Bxd7 19. Bd2 Qg6 20. Na4 Ne4 21. Nc5 Nxc5 22. dxc5 Rac8 23. b4 Bf6 24. Bc3 Kg7 25. Bxf6+ Qxf6 26. Qc3 Qxc3 27. Rxc3 a5 28. bxa5 Ra8 29. Rb1 Ra7 30. a6 bxa6 31. Rb6 Kf6 32. cxd5 cxd5 33. Bxd5 Rc8 34. Bb7 Rb8 35. c6 Bxc6 36. Rcxc6 Raxb7 37. Rxe6+ Kf7 38. Rf6+ Ke7 39. Rxb7+ Rxb7 40. Rxa6 Rb2 41. e3 g4 42. Kg2 Kf7 43. a4 Ra2 44. a5 Kg7 45. Kf1 Kf7 46. Kg1 Kg7 47. Ra7+ Kg6 48. a6 Kf6 49. Ra8 Kg7 50. Kg2 Kh7 51. Kf1 Kg7 52. a7 Kh7 53. Ke1 Kg7 54. Kd1 Kh7 55.
Kc1 Kg7 56. Kb1 Ra6 57. Kb2 Ra5 58. Kb3 Ra1 59. Kc4 Ra4+ 60.
Kd5 Ra5+ 61. Ke6 Kh7 62. Kf6 Ra2 63. Kxf5 Rxf2+ 64. Kxg4 Ra2 65. e4 Kg7 66. Kh3 Ra5 67. e5 Ra6 68. e6 1-0

[Event "RUS-ch Blitz 2021"]
[Site "Sochi"]
[Date "2021.10.11"]
[Round "9.13"]
[White "Obgolts, Erik"]
[Black "Zakhartsov, Vladimir"]
[Result "1-0"]
[ECO "B90"]
[WhiteElo "2430"]
[BlackElo "2514"]
[Annotator "ChessBase"]
[PlyCount "125"]
[EventDate "2021.10.11"]
[EventType "blitz"]
[EventCountry "RUS"]
[SourceTitle "playchess.com"]
[Source "ChessBase"]
[SourceQuality "1"]
[TimeControl "180+2"]

1. e4 c5 2. Nf3 d6 3. d4 Nf6 4. Nc3 cxd4 5. Nxd4 a6 6. Be3 Ng4 7. Bg5 h6 8. Bh4 g5 9. Bg3 Bg7 10. h3 Ne5 11. Nf5 Bxf5 12. exf5 Nbc6 13. Nd5 e6 14. fxe6 fxe6 15. Ne3 Qa5+ 16. c3 Nf3+ 17. gxf3 Bxc3+ 18. bxc3 Qxc3+ 19. Qd2 Qxa1+ 20. Nd1 O-O-O 21. Bg2 Qd4 22. Ne3 Qxd2+ 23. Kxd2 e5 24. h4 Nd4 25. Nc2 Nc6 26. Bh3+ Kb8 27. Rb1 Rdf8 28. hxg5 hxg5 29. Be6 Ne7 30. Ke2 Rh6 31. Bc4 d5 32. Bb3 Ka8 33. Ne3 d4 34. Ng4 Rhf6 35. Nxf6 Rxf6 36. Bxe5 d3+ 37. Kxd3 Rxf3+ 38. Ke2 Rf5 39. Bd4 Nc6 40. Be3 Re5 41. Rd1 g4 42. Rd5 Re8 43. Rg5 Nd4+ 44. Kd3 Nf3 45. Rg8 Rxg8 46. Bxg8 Kb8 47. Ke4 b5 48. Kf4 Ne1 49. Kxg4 Nc2 50. Bd2 Kb7 51. f4 Nd4 52. f5 Nxf5 53. Kxf5 Kb6 54. Ke4 a5 55. Kd3 b4 56. Kc4 Kc6 57. Be3 b3 58.
axb3 a4 59. bxa4 Kb7 60. Kb5 Ka8 61. Bd5+ Kb8 62. a5 Kc8 63. a6 1-0

[Event "RUS-ch Blitz 2021"]
[Site "Sochi"]
[Date "2021.10.11"]
[Round "9.14"]
[White "Savitskiy, Sergey"]
[Black "Demidov, Mikhail"]
[Result "0-1"]
[ECO "B03"]
[WhiteElo "2439"]
[BlackElo "2551"]
[Annotator "ChessBase"]
[PlyCount "72"]
[EventDate "2021.10.11"]
[EventType "blitz"]
[EventCountry "RUS"]
[SourceTitle "playchess.com"]
[Source "ChessBase"]
[SourceQuality "1"]
[TimeControl "180+2"]

1. e4 Nf6 2. e5 Nd5 3. d4 d6 4. c4 Nb6 5. exd6 exd6 6. Nc3 Be7 7. Bd3 Nc6 8. Nge2 Bg5 9. f4 Bh4+ 10. g3 Bf6 11. d5 Nb4 12. Bb1 O-O 13.
a3 Na6 14. b4 Re8 15. Kf2 Bg4 16. Ra2 Bxc3 17. Qd3 Bf6 18. Qxh7+ Kf8 19. Re1 g6 20. Bxg6 fxg6 21. Qxg6 Bxe2 22. Raxe2 Rxe2+ 23.
Rxe2 Bd4+ 24. Kg2 Qf6 25. Qh5 Qf7 26. Qg4 Re8 27. Re6 Nxc4 28.
f5 Ne3+ 29. Bxe3 Bxe3 30. Qe4 Bh6 31. h4 c6 32. g4 Nc7 33. g5 cxd5 34. Rxe8+ Qxe8 35. Qf4 Bg7 36. f6 Qe4+ 0-1